 Dungeon Crawl Stone Soup version 0.22.1-1-ga44c0e5 (webtiles) character file.

2634 Lauz the Thaumaturge (level 9, -2/45 HPs)
             Began as a Deep Elf Wizard on Nov 1, 2018.
             Was a Follower of Vehumet.
             Shot with an arrow by a centaur (8 damage)
             ... on level 7 of the Dungeon.
             The game lasted 01:19:43 (11564 turns).

Lauz the Thaumaturge (Deep Elf Wizard)             Turns: 11564, Time: 01:19:43

Health: -2/45      AC:  5    Str:  4    XL:     9   Next: 35%
Magic:  4/26       EV: 13    Int: 27    God:    Vehumet [*.....]
Gold:   403        SH:  3    Dex: 13    Spells: 12/30 levels left

rFire    . . .     SeeInvis .   f - +6 dagger
rCold    + . .     Gourm    +   g - +0 buckler
rNeg     . . .     Faith    .   j - +1 robe {rC+}
rPois    +         Spirit   .   b - +0 hat
rElec    .         Reflect  .   h - +0 cloak
rCorr    .         Harm     .   (no gloves)
MR       +....                  i - +0 pair of boots
Stlth    ++........             D - amulet of the gourmand
HPRegen  0.15/turn              t - ring of poison resistance
MPRegen  0.20/turn              H - ring of protection from magic (curse)

@: lethally poisoned (-2 -> -2), very slightly contaminated
A: no striking features
a: Renounce Religion


You were on level 7 of the Dungeon.
You worshipped Vehumet.
Vehumet was aware of your devotion.
You were not hungry.

You visited 2 branches of the dungeon, and saw 8 of its levels.
You also visited: Sewer.

You collected 403 gold pieces.

Inventory:

Hand Weapons
 c - a -2 dagger
 e - a +3 dagger of speed
 f - a +6 dagger (weapon)
Armour
 a - a +0 robe
 b - a +0 hat (worn)
 g - a +0 buckler (worn)
 h - a +0 cloak (worn)
 i - a +0 pair of boots (worn)
 j - a +1 robe of cold resistance (worn)
Jewellery
 t - a ring of poison resistance (left hand)
 y - a +1 ring of evasion
 D - an amulet of the gourmand (around neck)
 G - an uncursed ring of positive energy
 H - a cursed ring of protection from magic (right hand)
Scrolls
 p - a scroll of blinking
 q - 2 scrolls of fog
 u - 2 scrolls of remove curse
 w - a scroll of immolation {unknown}
 x - 3 scrolls of teleportation {unknown}
 B - a scroll of enchant weapon {unknown}
 C - 3 scrolls of magic mapping
 E - a scroll of fear
 F - a scroll of identify
Potions
 k - 3 potions of lignification
 l - a potion of cancellation {unknown}
 m - 4 potions of haste {unknown}
 n - 2 potions of heal wounds {unknown}
 o - 2 potions of degeneration {unknown}
 r - a potion of ambrosia {unknown}
 s - 4 potions of agility
 v - 4 potions of curing
 z - a potion of brilliance {unknown}
 A - a potion of invisibility {unknown}
Comestibles
 d - 9 rations


   Skills:
 + Level 3.9 Dodging
 - Level 2.4 Stealth
 + Level 11.3 Spellcasting
 * Level 9.1 Conjurations
 + Level 3.6 Hexes
 + Level 3.7 Summonings
 + Level 1.3 Translocations
 + Level 0.1 Fire Magic


You had 12 spell levels left.
You knew the following spells:

 Your Spells              Type           Power        Failure   Level  Hunger
a - Magic Dart            Conj           ####         1%          1    None
b - Blink                 Tloc           N/A          5%          2    None
c - Slow                  Hex            ####....     2%          2    None
d - Mephitic Cloud        Conj/Pois/Air  ####....     5%          3    None
e - Conjure Flame         Conj/Fire      #####...     2%          3    None
f - Call Imp              Summ           #####...     1%          2    None
g - Sting                 Conj/Pois      ####         1%          1    None
h - Cause Fear            Hex            ####......   14%         4    None

Your spell library contained the following spells:

 Spells                   Type           Power        Failure   Level  Hunger
 Silence                  Hex/Air        ####......   63%         5    ###....
 Yara's Violent Unravell  Hex/Tmut       ####......   63%         5    ###....
 Deflect Missiles         Chrm/Air       ###.......   100%        6    #####..
 Discord                  Hex            ####......   100%        8    #######


Dungeon Overview and Level Annotations

Branches:
Dungeon (7/15)             Temple (1/1) D:5

Altars:
Ashenzari
Cheibriados
Dithmenos
Elyvilon
Kikubaaqudgha
Makhleb
Okawaru
Qazlal
Ru
Trog
Uskayaw
Vehumet
Wu Jian
Xom
The Shining One


Message History

Confirm with . or Enter, or press ? or * to list all spells.
Aiming: Mephitic Cloud (safe; 5% risk of failure)
Press: ? - help, Shift-Dir - straight line, f/p - worker ant
Aim: a worker ant (almost dead, confused, hasn't noticed you)
The ball explodes into a vile cloud!
The stinking cloud engulfs the worker ant.
The worker ant is almost dead.
The worker ant twitches its antennae in your direction.
The stinking cloud engulfs the centaur.
The centaur is moderately wounded.
The worker ant is engulfed in noxious fumes.
The worker ant appears confused.
You kill the worker ant!
Vehumet accepts your kill.
The centaur shoots an arrow.
The arrow hits you!
* * * LOW HITPOINT WARNING * * *
The centaur shoots an arrow.
The arrow hits you!
* * * LOW HITPOINT WARNING * * *
The centaur shoots an arrow.
The arrow hits you!
You die...

#....#........###..
#. ##.###............
##
#.............###...
##..##.....(§.....c..
.######
#..######§#c#.####..
....... #..#
#.#§#..... .######
#..# #.#§#...# ....
#..######.#.#.#.#.##
####
##..#[.......@.......
.
#...#.##.......#.#.##
.. ##### +.......#
... #.......# ###
#.......+ ..
#.......# ##
###.#..## #.#..#
#.#(..


You could see a centaur.

Vanquished Creatures
  A troll (D:6)
  A hippogriff (D:6)
  Sigmund (D:2)
  Eustachio (D:4)
  Menkaure (D:4)
  An orc warrior (D:7)
  A phantom (D:6)
  2 ogres (D:3)
  A centaur (D:6)
  A crocodile (Sewer)
  2 bullfrogs
  Blork the orc (D:5)
  4 wights (D:6)
  2 howler monkeys
  2 crimson imps (D:6)
  A bullfrog zombie (D:6)
  A centaur zombie (D:6)
  A jelly (D:5)
  3 hounds
  An iguana (D:7)
  Terence (D:3)
  Jessica (D:3)
  Natasha (thrice) (D:3)
  4 worker ants
  An orc wizard (D:5)
  A hound zombie (D:6)
  3 hound skeletons
  7 adders
  A gnoll (D:1)
  2 shadow imps
  2 oozes
  4 worms
  5 dart slugs
  7 leopard geckos
  13 orcs
  8 giant cockroaches
  17 goblins
  5 hobgoblins
  4 jackals
  7 kobolds
  4 quokkas
  7 bats
  4 frilled lizards
  A quokka skeleton (D:4)
  5 rats
146 creatures vanquished.

Vanquished Creatures (collateral kills)
  A sky beast (D:6)
  A centaur (D:6)
  2 wights (D:6)
  A crimson imp (D:6)
  An orc priest (D:7)
  An orc wizard (D:6)
  A worker ant zombie (D:5)
  2 orcs
  2 jackals (Sewer)
  A quokka (D:6)
13 creatures vanquished.

Grand Total: 159 creatures vanquished

Notes
Turn   | Place    | Note
-------+----------+-------------------------------------------
     0 | D:1      | Lauz the Deep Elf Wizard began the quest for the Orb.
     0 | D:1      | Reached XP level 1. HP: 10/10 MP: 7/7
   236 | D:1      | Reached XP level 2. HP: 7/15 MP: 0/9
   406 | D:1      | Reached skill level 5 in Spellcasting
   810 | D:1      | Reached XP level 3. HP: 19/19 MP: 7/11
  1893 | D:2      | Learned a level 2 spell: Blink
  1896 | D:2      | Learned a level 2 spell: Slow
  1900 | D:2      | Learned a level 3 spell: Mephitic Cloud
  2255 | D:2      | Noticed Sigmund
  2323 | D:2      | Killed Sigmund
  2323 | D:2      | Reached skill level 6 in Spellcasting
  2323 | D:2      | Reached skill level 1 in Hexes
  2323 | D:2      | Reached XP level 4. HP: 19/24 MP: 0/14
  2323 | D:2      | Reached XP level 5. HP: 22/28 MP: 0/16
  2574 | D:2      | Reached skill level 7 in Spellcasting
  3504 | D:3      | Noticed Terence
  3509 | D:3      | Noticed Jessica
  3512 | D:3      | Killed Terence
  3512 | D:3      | Reached XP level 6. HP: 32/32 MP: 6/18
  3515 | D:3      | Killed Jessica
  3566 | D:3      | Noticed Natasha
  3687 | D:3      | Killed Natasha
  3705 | D:3      | Noticed Natasha
  3729 | D:3      | Killed Natasha
  4119 | D:3      | Noticed Natasha
  4126 | D:3      | Killed Natasha
  4584 | D:3      | Reached skill level 8 in Spellcasting
  4584 | D:3      | Reached XP level 7. HP: 36/36 MP: 3/20
  4788 | D:4      | Noticed Eustachio
  4792 | D:4      | Noticed Menkaure
  5260 | D:4      | Reached skill level 5 in Conjurations
  5784 | D:4      | Killed Eustachio
  5914 | D:4      | Killed Menkaure
  5914 | D:4      | Reached skill level 9 in Spellcasting
  6240 | D:4      | Reached XP level 8. HP: 41/41 MP: 10/23
  6249 | D:4      | Found a stormy altar of Qazlal.
  6402 | D:5      | Entered Level 5 of the Dungeon
  6430 | D:5      | Learned a level 3 spell: Conjure Flame
  6433 | D:5      | Learned a level 2 spell: Call Imp
  6474 | D:5      | Noticed Blork the orc
  6482 | D:5      | Found a glowing drain.
  6490 | D:5      | Killed Blork the orc
  6721 | Sewer    | Entered a sewer
  7124 | D:5      | Found an ancient bone altar of Kikubaaqudgha.
  7413 | D:5      | Found a staircase to the Ecumenical Temple.
  7418 | Temple   | Entered the Ecumenical Temple
  7502 | Temple   | Became a worshipper of Vehumet
  7604 | D:5      | Found an iron altar of Okawaru.
  8018 | D:6      | Noticed a troll
  8760 | D:6      | Reached skill level 10 in Spellcasting
  9773 | D:6      | Reached * piety under Vehumet
  9773 | D:6      | Offered knowledge of Sting by Vehumet.
  9789 | D:6      | Learned a level 1 spell: Sting
 10236 | D:6      | Noticed a hippogriff
 10509 | D:6      | Reached XP level 9. HP: 45/45 MP: 7/25
 10732 | D:6      | Killed a troll
 10732 | D:6      | Reached skill level 11 in Spellcasting
 11146 | D:7      | Found a glowing golden altar of the Shining One.
 11162 | D:7      | Found a snail-covered altar of Cheibriados.
 11294 | D:7      | Learned a level 4 spell: Cause Fear
 11564 | D:7      | Shot with an arrow by a centaur

Skill      XL: |  1  2  3  4  5  6  7  8  9 |
---------------+----------------------------+-----
Spellcasting   | 5 6 7 8 9 10 11 | 11.3
Conjurations   | 3 4 6 8 9 |  9.1
Dodging        | 3 |  3.9
Hexes          | 1 2 3 |  3.6
Summonings     | 3 |  3.7
Stealth        | |  2.4
Translocations | |  1.3
Fire Magic     | |  0.1

Action                   |  1- 3 |  4- 6 |  7- 9 || total
-------------------------+-------+-------+-------++-------
Melee: Dagger            |    63 |    13 |    29 ||   105
 Cast: Magic Dart        |    77 |   112 |   325 ||   514
       Slow              |     6 |    13 |     6 ||    25
       Mephitic Cloud    |     2 |    15 |    63 ||    80
       Blink             |     1 |     1 |     6 ||     8
       Call Imp          |       |       |    52 ||    52
       Sting             |       |       |    35 ||    35
       Conjure Flame     |       |       |    14 ||    14
  Use: Scroll            |     3 |     3 |     4 ||    10
  Eat: Ration            |     1 |       |     3 ||     4
       Chunk             |       |     7 |    14 ||    21
Armor: Robe              |     5 |     5 |    22 ||    32
Dodge: Dodged            |    20 |    20 |    83 ||   123
Block: Buckler           |     2 |     7 |    23 ||    32
